 Dungeon Crawl Stone Soup version 0.23.2-33-g5129a83184 (webtiles) character file.

Game seed: 8140843264962546241

150 geeseburger the Skirmisher (level 5, -1/44 HPs)
             Began as a Formicid Abyssal Knight on July 25, 2019.
             Was a Believer of Lugonu.
             Slain by a worker ant (5 damage)
             ... on level 3 of the Dungeon.
             The game lasted 00:06:11 (2920 turns).

geeseburger the Skirmisher (FoAK)                   Turns: 2920, Time: 00:06:12

Health: -1/44      AC:  6    Str: 23    XL:     5   Next: 58%
Magic:  7/7        EV: 11    Int: 11    God:    Lugonu [**....]
Gold:   88         SH:  0    Dex: 10    Spells: 4/4 levels left

rFire    . . .     SeeInvis +   a - +1 hand axe
rCold    . . .     Gourm    .   (no shield)
rNeg     . . .     Faith    .   h - +0 ring mail
rPois    .         Spirit   .   (helmet unavailable)
rElec    .         Reflect  .   (no cloak)
rCorr    .         Harm     .   i - +0 pair of gloves
MR       .....                  (no boots)
Stlth    ..........             (no amulet)
HPRegen  0.14/turn              q - +5 ring of strength
MPRegen  0.10/turn              (no ring)

@: lethally poisoned (-1 -> -15)
A: permanent stasis, dig shafts and tunnels, four strong arms, antennae 3
a: Dig, Shaft Self, Depart the Abyss, Bend Space, Renounce Religion


You were on level 3 of the Dungeon.
You worshipped Lugonu.
Lugonu was pleased with you.
You were not hungry.

You visited 1 branch of the dungeon, and saw 4 of its levels.
You visited the Abyss 1 time.

You collected 88 gold pieces.

Inventory:

Hand Weapons
 a - a +1 hand axe (weapon)
Armour
 h - a +0 ring mail (worn)
 i - a +0 pair of gloves (worn)
Jewellery
 q - a +5 ring of strength (left hand)
Scrolls
 e - a scroll of teleportation {unknown}
 f - a scroll of remove curse
 k - a scroll of fog
 n - a scroll of fear
 r - 2 scrolls of amnesia
Potions
 b - a potion of lignification {unknown}
 c - a potion of invisibility {unknown}
 d - 3 potions of flight
 g - a potion of heal wounds {unknown}
 j - 3 potions of curing
 m - a potion of mutation {unknown}
 o - a potion of berserk rage {unknown}
 p - a potion of agility {unknown}
Comestibles
 l - 2 rations


   Skills:
 * Level 5.1 Fighting
 - Level 2.0 Axes
 + Level 3.4 Armour
 - Level 0.8 Dodging
 + Level 3.6 Invocations


You had 4 spell levels left.
You didn't know any spells.
Your spell library was empty.

Dungeon Overview and Level Annotations

Branches:
Dungeon (4/15)
 Temple: D:4-7

Altars:
Cheibriados
Dithmenos
Kikubaaqudgha
Makhleb
Ru
Xom
Zin
The Shining One

Annotations:
D:4 Edmund


Innate Abilities, Weirdness & Mutations

You cannot be hasted, slowed, berserked, paralysed or teleported.
You can dig through walls and to a lower floor.
Your four strong arms can wield two-handed weapons with a shield.
You have a pair of large antennae on your head. (SInv)


Message History

The worker ant closely misses you.
Your ring mail prevents you from hitting the worker ant.
The worker ant is heavily wounded.
The worker ant bites you.
* * * LOW HITPOINT WARNING * * *
You are more poisoned.
The worker ant poisons you!
The worker ant bites you but does no damage.
You hit the worker ant.
The worker ant is almost dead.
* * * LOW HITPOINT WARNING * * *
You feel sick. The worker ant bites you.
* * * LOW HITPOINT WARNING * * *
You are more poisoned.
The worker ant poisons you!
You barely miss the worker ant.
The worker ant is almost dead.
* * * LOW HITPOINT WARNING * * *
You feel sick. The worker ant bites you.
You die...

#.....####.# #####
#############.#######..# #....
.................##....# #....
.....#######.......<.#.# #....
......##.........##.##.######....
......##................†).......
......##........#.####.######....
.....###..........# #.# #....
#.......<..###.#@a# #.# #....
#........#####.##.# #.# #....
.........(##......## #.# #####
........÷....##.#..###.# ######
............###.##.##..# #.8.8.
................##....######8_.._
...........##÷............##.....
...!##.....##..............#.....
#######.#...#..(.).........#8....


You could see a worker ant.

Vanquished Creatures
  6 adders
  An ooze (D:2)
  3 worms
  3 dart slugs
  6 leopard geckos
  9 bats
  4 giant cockroaches
  5 goblins
  9 hobgoblins
  3 jackals (D:3)
  10 kobolds
  A quokka (D:4)
  4 frilled lizards
  6 rats
70 creatures vanquished.

Notes
Turn   | Place    | Note
-------+----------+-------------------------------------------
     0 | Abyss:1  | geeseburger the Formicid Abyssal Knight began the quest for
                  | the Orb.
     0 | Abyss:1  | Reached XP level 1. HP: 18/18 MP: 2/2
     5 | Abyss:1  | Noticed a hellwing
     5 | Abyss:1  | Noticed a hellwing
     5 | Abyss:1  | Noticed a smoke demon
     5 | Abyss:1  | Noticed a hellwing
     5 | D:1      | Escaped the Abyss
    34 | D:1      | Reached * piety under Lugonu
    49 | D:1      | Reached XP level 2. HP: 9/24 MP: 3/3
   720 | D:1      | Reached XP level 3. HP: 24/30 MP: 4/4
   798 | D:1      | Reached skill level 4 in Fighting
  1494 | D:2      | Reached XP level 4. HP: 29/38 MP: 6/6
  1621 | D:2      | Found an ancient bone altar of Kikubaaqudgha.
  1985 | D:2      | Found a glowing silver altar of Zin.
  2173 | D:2      | Reached XP level 5. HP: 37/43 MP: 7/7
  2367 | D:3      | Reached ** piety under Lugonu
  2526 | D:3      | Reached skill level 5 in Fighting
  2691 | D:3      | Found a glowing silver altar of Zin.
  2693 | D:3      | Found a shadowy altar of Dithmenos.
  2693 | D:3      | Found a sacrificial altar of Ru.
  2695 | D:3      | Found a shimmering altar of Xom.
  2695 | D:3      | Found a glowing golden altar of the Shining One.
  2695 | D:3      | Found a snail-covered altar of Cheibriados.
  2851 | D:4      | Found a burning altar of Makhleb.
  2876 | D:4      | Noticed a centaur
  2877 | D:4      | Noticed Edmund
  2920 | D:3      | Slain by a worker ant

Skill      XL: |  1  2  3  4  5 |
---------------+----------------+-----
Fighting       | 4 5 |  5.1
Invocations    | 3 |  3.6
Armour         | 3 |  3.4
Axes           | |  2.0
Dodging        | |  0.8

Action                   |  1- 3 |  4- 6 || total
-------------------------+-------+-------++-------
Melee: Hand axe          |   103 |   171 ||   274
Invok: Depart the Abyss  |     1 |       ||     1
  Use: Scroll            |     2 |     7 ||     9
  Eat: Ration            |     1 |     1 ||     2
Armor: Leather armour    |     6 |       ||     6
       Ring mail         |    42 |   105 ||   147
Dodge: Dodged            |    64 |   108 ||   172
